 Dungeon Crawl Stone Soup version 0.30.0-5-g1a98f26d00 (webtiles) character file.

Game seed: 6376526350671118884

1661 konerai the Slasher (level 9, -3/67 HPs)
             Began as a Human Fighter on May 12, 2023.
             Was an Elder of Vehumet.
             Slain by an orc warrior
             ... wielding a +2 scimitar of electrocution
              (10 damage)
             ... on level 6 of the Dungeon.
             The game lasted 00:22:01 (5383 turns).

konerai the Slasher (Human Fighter)                 Turns: 5383, Time: 00:22:02

Health: -3/67      AC: 26    Str: 21    XL:     9   Next: 20%
Magic:  0/9        EV: 11    Int: 14    God:    Vehumet [****..]
Gold:   241        SH:  6    Dex: 13    Spells: 8/8 levels left

rFire   . . .        a - +1 long sword (protect)
rCold   + . .        c - +1 buckler
rNeg    . . .        h - +1 plate armour {rC+}
rPois   .            j - +2 hat
rElec   .            (no cloak)
rCorr   .            (no gloves)
SInv    .            f - +2 pair of boots
Will    .....        e - amulet of guardian spirit Stlth
                     n - +5 ring of evasion
HPRegen 0.31/turn    q - +6 ring of intelligence
MPRegen 0.11/turn

%: guardian spirit
@: under a protective aura
A: no striking features
a: Renounce Religion


You were on level 6 of the Dungeon.
You worshipped Vehumet.
Vehumet was greatly pleased with you.
You visited 1 branch of the dungeon, and saw 7 of its levels.

You collected 241 gold pieces.

Inventory:

Hand Weapons
 a - a +1 long sword of protection (weapon)
Missiles
 y - 3 atropa-tipped darts
Armour
 c - a +1 buckler (worn)
 f - a +2 pair of boots (worn)
 h - a +1 plate armour of cold resistance (worn)
 j - a +2 hat (worn)
Jewellery
 e - an amulet of guardian spirit (around neck)
 n - a +5 ring of evasion (left hand)
 o - an amulet of guardian spirit
 q - a +6 ring of intelligence (right hand)
Wands
 m - a wand of paralysis (7)
 p - a wand of flame (3) (quivered)
Scrolls
 b - 2 scrolls of silence {unknown}
 d - a scroll of blinking {unknown}
 i - 3 scrolls of amnesia
 l - a scroll of enchant weapon
 r - a scroll of immolation {unknown}
 x - a scroll of magic mapping {unknown}
Potions
 g - a potion of mutation {unknown}
 k - a potion of ambrosia {unknown}
 s - 2 potions of cancellation
 u - a potion of resistance {unknown}
 v - a potion of attraction {unknown}
 w - a potion of magic {unknown}
 z - a potion of curing {unknown}


   Skills:
 + Level 4.9 Fighting
 + Level 7.5 Long Blades
 + Level 6.0 Armour
 + Level 0.8 Dodging
 + Level 0.5 Stealth
 + Level 5.3 Shields
 + Level 1.5 Evocations


You had 8 spell levels left.
You didn't know any spells.
Your spell library contained the following spells:

 Spells                   Type           Power      Damage    Failure   Level
 Freeze                   Ice            0%         1d3       83%         1
 Magic Dart               Conj           0%         1d3       83%         1
 Scorch                   Fire           0%         2d5       92%         2
 Frozen Ramparts          Ice            0%         1d1       99%         3
 Hailstorm                Conj/Ice       0%         3d3       99%         3
 Mephitic Cloud           Conj/Pois/Air  0%         N/A       99%         3
 Call Imp                 Summ           0%         N/A       100%        2
 Cigotuvi's Dreadful Rot  Necr/Pois/Air  0%         N/A       100%        2
 Animate Armour           Summ/Erth      0%         N/A       100%        4
 Dispel Undead            Necr           0%         3d6       100%        4
 Flame Wave               Conj/Fire      0%         2d4       100%        4
 Blade Hands              Tmut           0%         N/A       100%        5
 Death Channel            Necr           0%         N/A       100%        6
 Iron Shot                Conj/Erth      0%         9d1       100%        6
 Summon Cactus Giant      Summ           0%         N/A       100%        6


Dungeon Overview and Level Annotations

Branches:
Dungeon (7/15)
 Temple: D:4-7

Altars:
Elyvilon
Gozag
Trog
Vehumet
Wu Jian
Xom
Zin

Annotations:
D:4 3 runed translucent doors, TangoThomas's ghost, novice DsRe


Message History

A puff of flame appears from out of thin air!
The puff of flame misses you.
A magic dart appears from out of thin air!
The magic dart hits you but does no damage.
You are too injured to fight recklessly!
As you read the scroll of identify, it crumbles to dust.
s - 2 potions of cancellation You are too injured to fight recklessly!
You closely miss something. Something hits you but does no damage.
You hit something.
Your weapon exudes an aura of protection.
Vehumet accepts your kill.
You feel your power returning.
Reactivating autopickup.
You feel a bit more experienced.
You barely miss the orc warrior.
The orc warrior is heavily wounded.
The orc warrior hits you but does no damage.
You are electrocuted!
You slash the orc warrior!
The orc warrior is almost dead.
The orc warrior barely misses you.
You hit the orc warrior but do no damage.
The orc warrior is almost dead.
The orc warrior hits you with a +2 scimitar of electrocution.
You hit the orc warrior.
The orc warrior is almost dead.
The orc warrior hits you with a +2 scimitar of electrocution.
You are electrocuted!
* * * LOW HITPOINT WARNING * * *
You hit the orc warrior but do no damage.
The orc warrior is almost dead.
The orc warrior hits you but does no damage.
You are electrocuted!
* * * LOW HITPOINT WARNING * * *
The orc warrior closely misses you.
You hit the orc warrior but do no damage.
The orc warrior is almost dead.
The orc warrior hits you with a +2 scimitar of electrocution!
You die...

#.P.# ###...# #.# #...#
###.# #.# ##.##
#.#####.# #.# #.......#
##.## #####.###....
..###...###...#.###...#
.P....._.....P....##...#
...###...###...##..#....
# ##@## #####...#..##
#o#.. #.#......
##o##.#####.#.#....
#...#.......#.##.#.
#.P.#.#............
#...#.#†#####......
#.#####.##.#.# ##......
#...oo.....#.# #..>>...
...........(....#
##......


You could see an orc warrior and an orc.

Vanquished Creatures
  5 black bears
  A sky beast (D:6)
  An ice beast (D:6)
  2 centaurs
  Blork the orc (D:4)
  3 scorpions
  A jelly (D:5)
  2 iguanas
  2 orc priests (D:7)
  2 sleepcaps (D:5)
  6 orc wizards
  Natasha (twice) (D:4)
  3 gnolls (D:4)
  7 adders
  A white imp (D:5)
  An ufetubus (D:3)
  2 worms
  6 dart slugs
  22 orcs
  10 ball pythons
  3 bats
  6 endoplasms
  4 giant cockroaches
  8 hobgoblins
  4 jackals (D:3)
  A quokka (D:3)
  6 frilled lizards
  5 goblins
  6 kobolds
  11 rats
134 creatures vanquished.

Notes
Turn   | Place    | Note
-------+----------+-------------------------------------------
     0 | D:1      | konerai the Human Fighter began the quest for the Orb.
     0 | D:1      | Reached XP level 1. HP: 18/18 MP: 1/1
    86 | D:1      | Found a faded altar of an unknown god.
    87 | D:1      | Noticed a golden eye
    89 | D:1      | Noticed a golden eye
    89 | D:1      | Noticed a golden eye
    89 | D:1      | Noticed a great orb of eyes
   102 | D:1      | Prayed at the altar of an unknown god.
   102 | D:1      | Became a worshipper of Vehumet
   102 | D:1      | Reached * piety under Vehumet
   102 | D:1      | Offered knowledge of Foxfire by Vehumet.
   116 | D:1      | Reached XP level 2. HP: 20/24 MP: 2/2
   398 | D:1      | Reached XP level 3. HP: 19/29 MP: 3/3
   855 | D:1      | Identified a scroll of acquirement
   855 | D:1      | Acquired a +1 plate armour of cold resistance
   874 | D:2      | Offered knowledge of Momentum Strike by Vehumet.
   888 | D:2      | Reached ** piety under Vehumet
   909 | D:2      | Reached skill level 3 in Long Blades
   909 | D:2      | Reached XP level 4. HP: 33/35 MP: 4/4
  1515 | D:3      | Found a glowing silver altar of Zin.
  1577 | D:3      | Reached XP level 5. HP: 41/41 MP: 5/5
  1695 | D:3      | Offered knowledge of Stone Arrow by Vehumet.
  1922 | D:3      | Found an opulent altar of Gozag.
  2010 | D:3      | Noticed a moth of wrath
  2012 | D:3      | Found a bloodstained altar of Trog.
  2335 | D:4      | Noticed a black bear
  2353 | D:4      | Killed a black bear
  2354 | D:4      | Reached skill level 4 in Long Blades
  2354 | D:4      | Reached XP level 6. HP: 42/48 MP: 6/6
  2370 | D:4      | Reached *** piety under Vehumet
  2408 | D:4      | Noticed Natasha
  2419 | D:4      | Killed Natasha
  2501 | D:4      | Reached skill level 5 in Long Blades
  2540 | D:4      | Reached XP level 7. HP: 53/53 MP: 7/7
  2693 | D:4      | Found a runed translucent gate.
  2693 | D:4      | Found a runed translucent gate.
  2693 | D:4      | Found a runed translucent gate.
  2967 | D:4      | Noticed Natasha
  2979 | D:4      | Killed Natasha
  3089 | D:4      | Offered knowledge of Mephitic Cloud by Vehumet.
  3192 | D:4      | Noticed Blork the orc
  3209 | D:4      | Killed Blork the orc
  3435 | D:4      | Noticed TangoThomas's ghost (novice DsRe)
  3481 | D:5      | Entered Level 5 of the Dungeon
  3484 | D:5      | Found an ornate altar of the Wu Jian Council.
  3589 | D:5      | Reached skill level 6 in Long Blades
  3589 | D:5      | Reached XP level 8. HP: 60/60 MP: 8/8
  3711 | D:5      | Reached skill level 5 in Armour
  3810 | D:5      | Reached skill level 1 in Evocations
  4766 | D:6      | Reached skill level 7 in Long Blades
  4766 | D:6      | Reached skill level 5 in Shields
  4816 | D:6      | You fall into a shaft and drop 1 floor!
  4852 | D:7      | Reached **** piety under Vehumet
  4858 | D:7      | Reached XP level 9. HP: 47/67 MP: 7/9
  4880 | D:7      | Found a shimmering altar of Xom.
  4881 | D:7      | Found a shimmering altar of Xom.
  4882 | D:7      | Found a shimmering altar of Xom.
  4886 | D:7      | Found a shimmering altar of Xom.
  4945 | D:7      | a black bear changed into a meliai
  4945 | D:7      | Noticed a meliai (shapeshifter)
  5031 | D:7      | Noticed a fire crab
  5032 | D:7      | a fire crab changed into a manticore
  5032 | D:7      | Noticed a manticore (shapeshifter)
  5035 | D:7      | a manticore changed into a guardian serpent
  5035 | D:7      | Noticed a guardian serpent (shapeshifter)
  5036 | D:7      | a guardian serpent changed into a jumping spider
  5040 | D:7      | a jumping spider changed into a black mamba
  5040 | D:7      | Noticed a black mamba (shapeshifter)
  5304 | D:6      | Found a white marble altar of Elyvilon.
  5383 | D:6      | Slain by an orc warrior

Illustrated notes

Levels and vault maps discovered:
D:1:      arrival_zaba_pyramid, layout_basic,
          hellmonk_ecumenical_altar_watching_god, minmay_pentomino_q2
D:2:      layout_rooms, minmay_tree_intersection
D:3:      layout_loops_ring, tgw_trog, mainiacjoe_overflow_tiny_flanked,
          nicolae_gozag_seed_capital, nicolae_kite_square_tiling_tiny,
          hangedman_abyss_or_decor_lesser_grid
D:4:      layout_gridville, gammafunk_ghost_necromancy, uniq_natasha,
          uniq_blork_the_orc
D:5:      layout_loops_ring, pdpol_wu_jian_five_deadly_venoms
D:6:      layout_loops_ring, elyvilon_altar_1
D:7:      hangedman_cross_stitches, layout_gridville, xom_shifter_show,
          minmay_temple_entry_slanted, uniq_prince_ribbit1, uniq_pikel

Skill      XL: |  1  2  3  4  5  6  7  8  9 |
---------------+----------------------------+-----
Long Blades    | 3 4 5 6 7 |  7.5
Armour         | 4 5 6 |  6.0
Shields        | 4 5 |  5.3
Fighting       | 4 |  4.9
Evocations     | 1 |  1.5
Dodging        | |  0.8
Stealth        | |  0.5

Action                     |  1- 3 |  4- 6 |  7- 9 || total
---------------------------+-------+-------+-------++-------
  Melee: Long sword        |    79 |   198 |   308 ||   585
  Evoke: Wand              |       |       |    16 ||    16
    Use: Scroll            |     3 |     4 |     1 ||     8
         Potion            |       |       |     1 ||     1
 Armour: Scale mail        |    46 |       |       ||    46
         Plate armour      |    20 |   208 |   259 ||   487
  Dodge: Dodged            |    37 |    54 |   151 ||   242
  Block: Buckler           |    29 |    70 |    96 ||   195
